 Dungeon Sprint DCSS version 0.21-a0-414-gba8bdf1 (webtiles) character file.

718 Kidiri the Skirmisher (level 7, -6/67 HPs)
             Began as a Red Draconian Transmuter on Nov 2, 2017.
             Was an Elder of Wu Jian.
             Mangled by a manticore (21 damage)
             ... in the Dungeon (Sprint VII: "The Pits").
             The game lasted 00:02:39 (745 turns).

Kidiri the Skirmisher (Red Draconian Transmuter)     Turns: 745, Time: 00:02:40

Health: -6/67      AC:  2    Str: 13    XL:     7   Next: 42%
Magic:  15/16      EV: 25    Int: 13    God:    Wu Jian [****..]
Gold:   0          SH:  0    Dex: 18    Spells: 4/19 levels left

rFire    . . .     SeeInvis .     - Unarmed
rCold    . . .     Gourm    .   (shield currently unavailable)
rNeg     . . .     Faith    .   (armour unavailable)
rPois    x         Spirit   .   (helmet currently unavailable)
rElec    .         Reflect  .   (cloak currently unavailable)
rCorr    .         Harm     .   (gloves currently unavailable)
MR       .....     NoTele   +   (boots currently unavailable)
Stlth    +++.......             (no amulet)
HPRegen  0.21/turn              (no ring)
MPRegen  0.15/turn              (no ring)

@: spider-form (expiring)
A: (breathe fire), unfitting armour, AC +6
a: End Transformation, Serpent's Lash, Renounce Religion


You were in the Dungeon.
You worshipped Wu Jian.
Wu Jian was greatly pleased with you.
You were not hungry.
You were a venomous arachnid creature.
You visited 1 branch

Inventory:

Missiles
 a - 12 arrows
 p - 10 stones (quivered)
Scrolls
 i - a scroll of blinking
 k - 3 scrolls of remove curse
 l - 5 scrolls of amnesia
 m - a scroll of summoning
Potions
 d - 6 potions of curing
 e - 6 potions of heal wounds
 f - a potion of haste
 g - 4 potions of magic
 h - 3 potions of berserk rage
 j - 2 potions of invisibility
Books
 b - a book of Changes

   Spells                             Type                      Level
   a - Beastly Appendage              Transmutation                1
   b - Sticks to Snakes               Transmutation                2
   c - Spider Form                    Transmutation/Poison         3
   d - Ice Form                       Ice/Transmutation            4
   e - Blade Hands                    Transmutation                5
Comestibles
 c - 8 bread rations
 n - 40 fruits
 o - 7 meat rations
 q - 2 chunks of flesh


   Skills:
 * Level 7.6 Fighting
 * Level 6.6 Dodging
 + Level 4.5 Stealth
 * Level 7.4 Unarmed Combat
 * Level 6.5 Spellcasting
 + Level 5.1 Transmutations
 + Level 2.9 Ice Magic
 + Level 3.8 Poison Magic


You had 4 spell levels left.
You knew the following spells:

 Your Spells              Type           Power        Failure   Level  Hunger
a - Beastly Appendage     Tmut           ###...       8%          1    None
b - Sticks to Snakes      Tmut           ###.....     11%         2    #......
c - Spider Form           Tmut/Pois      ###.......   21%         3    ###....
d - Ice Form              Ice/Tmut       ##......     52%         4    ####...
e - Blade Hands           Tmut           ###.......   69%         5    ######.


Dungeon Overview and Level Annotations

Branches:
Dungeon (1/1)

Altars:
Ashenzari
Cheibriados
Dithmenos
Elyvilon
Fedhas
Gozag
Hepliaklqana
Kikubaaqudgha
Makhleb
Nemelex Xobeh
Okawaru
Qazlal
Ru
Sif Muna
Trog
Uskayaw
Vehumet
Wu Jian
Xom
Yredelemnul
Zin
The Shining One
Beogh
Jiyva
Lugonu

Annotations:
D exclusions: 6 doors and 6 more exclusions


Innate Abilities, Weirdness & Mutations

((You can breathe blasts of fire.))
((Your fiery red scales are hard. (AC +6)))
You cannot fit into any form of body armour.
((Your flesh is heat resistant. (rF+)))
((You are cold-blooded and may be slowed by cold attacks.))


Message History

The manticore looks as sick as possible!
The manticore is heavily wounded.
The manticore bites you! The manticore claws you!
* * * LOW HITPOINT WARNING * * *
The manticore completely misses you.
You bite the manticore!
The manticore is severely wounded.
The manticore closely misses you. x2; The manticore misses you.
Unknown command.
Okay, then.
You hit the manticore but do no damage.
The manticore looks as sick as possible!
The manticore is almost dead.
The manticore completely misses you. The manticore closely misses you.
The manticore completely misses you.
Unknown command.
You hit the manticore.
The manticore is almost dead.
The manticore bites you!!
You die...

#.#...)))[.##.......#
#.#...)))[.##.......#
#'###########.......#
#.......# #########
#...#...# #...#...#
#.##.##.#+#
#...#...#H+
#...#...#s#
#.......'.#
###########


You could see a manticore.

Vanquished Creatures
  A deep elf mage (D)
  A floating eye (D)
  A porcupine (D)
  A hound (D)
  An iron imp (D)
  2 adders (D)
  2 gnolls (D)
  2 oozes (D)
  3 giant cockroaches (D)
  A goblin (D)
  2 jackals (D)
  A leopard gecko skeleton (D)
18 creatures vanquished.

Notes
Turn   | Place    | Note
-------+----------+-------------------------------------------
     0 | D        | Kidiri the Draconian Transmuter began the quest for the Orb.
     0 | D        | Reached XP level 1. HP: 16/16 MP: 3/3
    22 | D        | Noticed a floating eye
    25 | D        | Paralysed by a floating eye for 3 turns
    29 | D        | Killed a floating eye
    29 | D        | Reached XP level 2. HP: 28/28 MP: 2/7
    29 | D        | Reached XP level 3. HP: 34/34 MP: 2/8
    29 | D        | Reached XP level 4. HP: 41/41 MP: 2/10
    33 | D        | Learned a level 2 spell: Sticks to Snakes
    37 | D        | Learned a level 3 spell: Spider Form
    42 | D        | Learned a level 4 spell: Ice Form
    74 | D        | Found a bloodstained altar of Trog.
    74 | D        | Found a deep blue altar of Sif Muna.
    74 | D        | Found a viscous altar of Jiyva.
    74 | D        | Found a hazy altar of Hepliaklqana.
    74 | D        | Found an opulent altar of Gozag.
    75 | D        | Found a glowing golden altar of the Shining One.
    75 | D        | Found a glowing silver altar of Zin.
    75 | D        | Found a basalt altar of Yredelemnul.
    75 | D        | Found a shimmering altar of Xom.
    75 | D        | Found an ornate altar of the Wu Jian Council.
    75 | D        | Found a sacrificial altar of Ru.
    75 | D        | Found a stormy altar of Qazlal.
    75 | D        | Found an iron altar of Okawaru.
    75 | D        | Found a sparkling altar of Nemelex Xobeh.
    75 | D        | Found a burning altar of Makhleb.
    75 | D        | Found a blossoming altar of Fedhas.
    75 | D        | Found a white marble altar of Elyvilon.
    75 | D        | Found a shadowy altar of Dithmenos.
    75 | D        | Found a snail-covered altar of Cheibriados.
    77 | D        | Found a radiant altar of Vehumet.
    77 | D        | Found a corrupted altar of Lugonu.
    77 | D        | Found a roughly hewn altar of Beogh.
    78 | D        | Found a hide-covered altar of Uskayaw.
    78 | D        | Found an ancient bone altar of Kikubaaqudgha.
    78 | D        | Found a shattered altar of Ashenzari.
    84 | D        | Became a worshipper of the Wu Jian Council
   106 | D        | Reached skill level 5 in Unarmed Combat
   117 | D        | Reached * piety under Wu Jian
   347 | D        | Noticed a deep elf mage
   350 | D        | Reached ** piety under Wu Jian
   350 | D        | Reached skill level 1 in Ice Magic
   350 | D        | Reached XP level 5. HP: 47/47 MP: 7/11
   351 | D        | Reached skill level 1 in Poison Magic
   356 | D        | Killed a deep elf mage
   356 | D        | Reached XP level 6. HP: 49/60 MP: 9/15
   356 | D        | Your scales start taking on a fiery red colour.
   356 | D        | Reached XP level 7. HP: 54/66 MP: 9/16
   356 | D        | Gained mutation: Your flesh is heat resistant. (rF+) [Red Draconian growth]
   401 | D        | Learned a level 5 spell: Blade Hands
   442 | D        | Reached *** piety under Wu Jian
   450 | D        | Reached skill level 5 in Transmutations
   452 | D        | Reached **** piety under Wu Jian
   738 | D        | Noticed a manticore
   745 | D        | Mangled by a manticore

Vault maps used:
D:        pitsprint

Skill      XL: |  1  2  3  4  5  6  7 |
---------------+----------------------+-----
Fighting       | 4 7 |  7.6
Dodging        | 4 6 |  6.6
Stealth        | 2 4 |  4.5
Unarmed Combat | 4 5 7 |  7.4
Spellcasting   | 4 6 |  6.5
Transmutations | 3 4 5 |  5.1
Ice Magic      | 1 3 2 |  2.9
Poison Magic   | 3 |  3.8

Action                   |  1- 3 |  4- 6 |  7- 9 || total
-------------------------+-------+-------+-------++-------
Melee: Unarmed           |     3 |    28 |    26 ||    57
       Tailslap          |     1 |     2 |       ||     3
       Headbutt          |     1 |       |       ||     1
 Cast: Beastly Appendage |     1 |       |       ||     1
       Spider Form       |       |     3 |     1 ||     4
       Ice Form          |       |       |     1 ||     1
 Stab: Sleeping          |       |     1 |     2 ||     3
Armor: Skin              |       |       |     2 ||     2
Dodge: Dodged            |       |    22 |    22 ||    44

Table legend:
 A = Spawn XP
 B = Non-spawn XP
 C = Spawn XP percentage of total XP
 D = Spawn monster count
 E = Non-spawn monster count
 F = Spawn count percentage of total count
 G = Total turns spent on level
                    A         B        C        D         E        F      G
               +---------+---------+-------+---------+---------+-------+---------
         Total |       0 |    1027 |   0.0 |       0 |      18 |   0.0 |   745
               +---------+---------+-------+---------+---------+-------+---------
             D |       0 |    1027 |   0.0 |       0 |      18 |   0.0 |   745
               +---------+---------+-------+---------+---------+-------+---------
